 Dungeon Crawl Stone Soup version 0.15.0-12-gccce430 (webtiles) character file.

395814 HungrySpirit the Executioner (level 22, -1/215 HPs)
             Began as a Minotaur Berserker on Sept 1, 2014.
             Was a High Priest of Trog.
             Killed from afar by a titan (46 damage)
             ... with a bolt of lightning
             ... on Level 5 of the Vaults.
             The game lasted 02:12:46 (45317 turns).

HungrySpirit the Executioner (Minotaur Berserker)  Turns: 45317, Time: 02:12:47

HP  -1/215       AC 38     Str 30      XL: 22   Next: 18%
MP   8/8         EV  6     Int  5      God: Trog [*****.]
Gold 1644        SH 15     Dex 19      Spells:  0 memorised, 21 levels left

rFire  + . .     SeeInvis .     E - +7 broad axe (elec)
rCold  + + .     Clarity  +     u - +7 gold dragon armour
rNeg   . . .     rCorr    .     L - +0 shield
rPois  +         rRot     .     F - +2 hat
rElec  .         Spirit   .     f - +1 cloak
SustAb .         Warding  .     l - +2 pair of gloves
rMut   .         Stasis   .     (no boots)
Gourm  .                        k - amulet "Veudd" {Clar Dex+5 Int+1}
MR     +....                    G - ring of protection from cold
                                h - ring of poison resistance

@: exhausted, marked, slowed, drained, very slow, somewhat resistant to hostile
enchantments, extremely unstealthy
A: retaliatory headbutt, horns 2, talons 2, thin skeletal structure 1
a: Burn Spellbooks, Berserk, Trog's Hand, Brothers in Arms, Renounce Religion
}: 2/15 runes: serpentine, barnacled


You were on level 5 of the Vaults.
You worshipped Trog.
Trog was extremely pleased with you.
You were not hungry.

You visited 7 branches of the dungeon, and saw 47 of its levels.
You also visited: Trove, Ossuary and Ice Cave.

You collected 4816 gold pieces.
You spent 3172 gold pieces at shops.

Inventory:

Hand weapons
 E - a +7 broad axe of electrocution (weapon)
 K - a +4 dire flail of draining
 U - the +3 trident of Indignation {flame, +Inv rPois}
   (You found it on level 8 of the Lair of Beasts)

   It emits flame when wielded, causing extra injury to most foes and up to
   double damage against particularly susceptible opponents.
   It protects you from poison.
   It lets you turn invisible.
 Z - the +11 executioner's axe of Trog's Supremacy {elec, rF+ rC+}
   (Trog gifted it to you on level 2 of the Orcish Mines)

   Occasionally, upon striking a foe, it will discharge some electrical energy
   and cause terrible harm.
   It protects you from fire.
   It protects you from cold.
Missiles
 J - 6 tomahawks of returning (quivered)
Armour
 f - a +1 cloak (worn)
 l - a +2 pair of gloves (worn)
 u - a +7 gold dragon armour (worn)
 F - a +2 hat (worn)
 L - a +0 shield (worn)
Magical devices
 g - a wand of disintegration (8)
 O - a wand of teleportation (1)
 R - a wand of fireball (0)
 S - a wand of draining (2)
 T - a wand of teleportation (6)
 W - a wand of hasting (7)
Comestibles
 c - 19 bread rations
 o - 5 royal jellies
 I - 9 meat rations
Scrolls
 a - 13 scrolls of teleportation
 n - a scroll of fear
 r - 2 scrolls of recharging
 s - 12 scrolls of remove curse
 w - a scroll of magic mapping
 x - 3 scrolls of fog
 Q - a scroll of summoning
 Y - a scroll of noise
Jewellery
 b - an uncursed ring of protection from magic
 h - a ring of poison resistance (left hand)
 k - the amulet "Veudd" (around neck) {Clar Dex+5 Int+1}
   (You bought it in a shop on level 4 of the Orcish Mines)

   [amulet of clarity]

   It provides mental clarity.
   It affects your intelligence (+1).
   It affects your dexterity (+5).
 q - an uncursed ring of fire
 y - an uncursed ring of ice
 G - a ring of protection from cold (right hand)
 N - an uncursed ring of see invisible
 V - a cursed ring of protection from magic
Potions
 e - 9 potions of curing
 i - a potion of haste
 j - 4 potions of cancellation
 z - 2 potions of lignification
 A - a potion of berserk rage
 B - 2 potions of might
 C - 5 potions of restore abilities
 H - a potion of cure mutation
 P - 3 potions of flight
Miscellaneous
 t - a lamp of fire
 X - a stone of tremors


   Skills:
 + Level 22.0(20.2) Fighting
 - Level 25.5(24.1) Axes
 - Level 10.0(17.8) Maces & Flails
 * Level 21.8(20.1) Armour
 - Level 2.1(1.1) Dodging
 - Level 15.0(13.5) Shields


You had 21 spell levels left.
You didn't know any spells.

Dungeon Overview and Level Annotations

Branches:
Dungeon (15/15)            Temple (0/1) D:5             Orc (4/4) D:10
    Elf (0/3) Orc:3          Lair (8/8) D:8          Shoals (5/5) Lair:5
  Snake (5/5) Lair:6        Slime (0/6) Lair:7       Vaults (5/5) D:13
 Depths (5/5) D:15            Zot (0/5) Depths:5
  Crypt: Vaults:2-3

Altars:
Cheibriados
Elyvilon
Fedhas
Kikubaaqudgha
Makhleb
Nemelex Xobeh
Okawaru
Qazlal
Sif Muna
Trog
Vehumet
Xom
Yredelemnul
Zin
The Shining One
Beogh

Shops:
D:5 (   D:14 *   Orc:3 (   Orc:4 [(=:   Vaults:4 ?

Portals:
Hell: Depths:1
Abyss: Depths:3
Pandemonium: Depths:4

Annotations:
D:9 1 exclusion
Orc:3 exclusion: upstairs
Depths:2 exclusion: orange crystal statue


Innate Abilities, Weirdness & Mutations

You reflexively headbutt those who attack you in melee.
You have a pair of horns on your head.
You have razor-sharp toenails.
You have a somewhat thin skeletal structure (Dex +2, Stealth).


Message History

You kill the deep elf sorcerer!
Trog accepts your kill.
Trog appreciates your killing of a magic user.
Your Fighting skill increases to level 22!
The great orb of eyes moves out of view.
The stone giant throws a large rock.
The large rock hits you!!
* * * LOW HITPOINT WARNING * * *
Unknown command.
Unknown command.
Read which item? (? for menu, Esc to quit)
As you read the scroll of fear, it crumbles to dust.
You assume a fearsome visage.
The titan resists with almost no effort.
The stone giant resists with almost no effort.
The stone giant throws a large rock.
The large rock hits you but does no damage.
The stone giant throws a large rock.
The large rock barely misses you.
The titan points at you and mumbles some strange words.
The bolt of lightning hits you!
You die...

. #...Q## .... #....## .....
#...§## .... #..*§## ... #.Q..##
..G######## #....## .CC......#
#.D..# #)......# .#....#
#@)....)#..#....#
#()...).#..#....#
#....().#..#....#
#########..#....## ......#......
....?.........
..#######################........
C.§C§§§§..e......................
...§§§§§..TDC....................


You could see a titan, a stone giant and a great orb of eyes.

Vanquished Creatures
  Mennas (Vaults:2)
  3 golden dragons
  A profane servitor (Depths:1)
  A bone dragon (Depths:5)
  Frederick (Vaults:4)
  Nikola (Shoals:3)
  3 liches
  2 tentacled monstrosities (Vaults:4)
  2 titans
  2 storm dragons
  2 sphinxes
  5 shadow dragons
  Agnes (Vaults:4)
  4 tengu reavers
  3 fire giants (Depths:3)
  8 greater nagas
  A deep elf sorcerer (Vaults:5)
  3 frost giants
  Donald (Orc:3)
  Maud (D:15)
  8 vault wardens
  Aizul (Depths:1)
  A draconian scorcher (Depths:5)
  An emperor scorpion (Depths:3)
  An orc warlord (Vaults:4)
  A war gargoyle (Vaults:4)
  5 very ugly things
  12 stone giants
  A deep elf annihilator (Depths:3)
  2 pale draconians (Depths:5)
  5 rakshasas
  2 white draconians (Depths:5)
  A black draconian (Depths:5)
  3 dire elephants
  2 pearl dragon zombies (Depths:1)
  A merfolk javelineer (Shoals:3)
  2 fire dragons
  12 ettins
  A deep elf death mage (Vaults:4)
  5 merfolk impalers
  6 ironheart preservers
  4 great orbs of eyes
  2 deep elf high priests
  5 hydras
  28 vault guards
  Fannar (Lair:1)
  Harold (D:10)
  14 naga warriors
  4 ogre magi
  A ravenous feature mimic (Depths:1)
  3 sirens
  4 yaktaur captains
  9 anacondas
  4 ice dragons
  8 centaur warriors
  6 deep troll earth magi
  Erica (Lair:1)
  2 alligator snapping turtles
  6 deep troll shamans
  A merfolk aquamancer (Shoals:5)
  A death knight (Depths:1)
  11 naga sharpshooters
  2 tengu warriors (D:15)
  4 death yaks
  3 orc high priests
  6 shock serpents
  3 spriggan berserkers
  2 fire crabs
  A titan skeleton (Vaults:4)
  5 deep elf knights
  An unseen horror (D:15)
  11 sea snakes
  2 salamander mystics
  16 deep trolls
  A soul eater (Depths:2)
  11 hill giants
  7 naga ritualists
  A death drake (shapeshifter) (Vaults:5)
  2 giant orange brains (Depths:3)
  4 necromancers
  3 deep elf conjurers
  3 harpies (Shoals:1)
  3 spectral holy swine (Depths:1)
  24 ugly things
  14 orc knights
  10 mana vipers
  A red wasp (Vaults:3)
  5 orc sorcerers
  11 cyclopes
  9 manticores
  A frost giant zombie (Vaults:3)
  A wolf spider (D:15)
  A sphinx skeleton (Vaults:4)
  2 phantasmal warriors
  10 elephants
  A stone giant skeleton (Vaults:4)
  A centaur zombie (D:10)
  8 griffons
  5 mermaids
  10 salamanders
  3 spiny frogs
  Joseph (Orc:1)
  6 drowned souls (Shoals:5)
  5 guardian serpents
  8 vault sentinels
  4 apis skeletons (Depths:1)
  A gargoyle (D:8)
  14 naga magi
  A queen ant (shapeshifter) (Vaults:4)
  A pale draconian zombie (Depths:5)
  36 black mambas
  2 centaur skeletons (D:15)
  7 komodo dragons
  25 yaktaurs
  A tengu conjurer (Depths:4)
  2 hellwings
  5 trolls
  3 fire drakes
  A queen bee (shapeshifter) (Vaults:4)
  A queen bee (D:11)
  3 deep elf priests
  5 freezing wraiths
  A blue devil (Vaults:5)
  3 raiju (Depths:2)
  20 merfolk
  A polar bear (shapeshifter) (D:13)
  5 polar bears
  A merfolk (shapeshifter) (D:15)
  A wind drake (shapeshifter) (Depths:1)
  3 wind drakes
  16 blink frogs
  7 two-headed ogres
  5 ravens
  A catoblepas zombie (D:11)
  7 snapping turtles
  An ettin zombie (Vaults:4)
  6 slime creatures
  A human zombie (Vaults:4)
  A basilisk (shapeshifter) (D:13)
  2 boulder beetles
  2 basilisks
  A spriggan zombie (Depths:5)
  A wraith (D:9)
  3 shadows
  A trapdoor spider (Lair:8)
  An ettin skeleton (Vaults:4)
  A griffon skeleton (D:14)
  2 wyverns
  3 hill giant zombies
  12 hippogriffs
  43 yaks
  6 deep elf magi
  6 water elementals
  14 wolves
  6 deep elf fighters
  3 hogs (D:11)
  2 vampires
  A human (shapeshifter) (Vaults:2)
  Grum (D:11)
  2 hungry ghosts
  73 nagas
  A hill giant skeleton (D:14)
  2 vampire mosquitoes (Vaults:2)
  11 porcupines
  Edmund (D:6)
  2 chaos spawn
  A soldier ant (shapeshifter) (D:15)
  14 wargs
  2 hell hounds (Depths:2)
  25 water moccasins
  2 tengu skeletons
  A deep troll skeleton (Vaults:4)
  2 mottled dragons
  62 orc warriors
  3 phantoms
  3 sky beasts
  3 ice beasts
  A black bear (shapeshifter) (D:13)
  4 black bears (D:11)
  22 ogres
  A boring beetle (Lair:3)
  2 human simulacra (Vaults:3)
  10 boggarts
  13 centaurs
  19 giant frogs
  3 necrophages
  A brain worm (D:15)
  2 big kobolds
  14 crocodiles
  Blork the orc (D:4)
  2 wyvern skeletons
  3 human skeletons
  A wyvern zombie (D:13)
  A cyclops skeleton (D:10)
  2 cyclops zombies (D:10)
  2 scorpions
  A water moccasin skeleton (D:8)
  2 water moccasin zombies (Ossuary)
  A hippogriff zombie (D:10)
  An eye of draining (shapeshifter) (D:15)
  8 wights
  A lava snake (D:10)
  31 killer bees
  A wandering mushroom (D:9)
  2 electric eels (Lair:2)
  9 hounds
  12 crimson imps
  A gnoll shaman (D:7)
  31 orc priests
  Crazy Yiuf (D:2)
  A jelly (D:9)
  2 black bear skeletons
  6 iguanas
  9 worker ants
  29 orc wizards
  A troll simulacrum (IceCv)
  3 big kobold zombies (Ossuary)
  An ogre zombie (Orc:4)
  A wolf simulacrum (IceCv)
  Jessica (D:3)
  27 sheep
  A crocodile zombie (D:10)
  A sky beast zombie (D:10)
  A hound skeleton (D:7)
  5 mummies
  A worker ant zombie (D:7)
  6 gnolls (D:7)
  A scorpion zombie (D:10)
  31 adders
  54 green rats
  A shadow imp (D:5)
  A giant mite (D:5)
  A white imp (D:10)
  3 worms
  An ufetubus (Depths:4)
  5 adder zombies (Ossuary)
  An iguana skeleton (D:4)
  An iguana simulacrum (D:10)
  223 orcs
  7 giant cockroaches
  5 gnoll zombies
  16 hobgoblins
  15 jackals
  18 quokkas
  2 ball pythons
  14 bats
  4 giant geckos
  4 giant newts
  18 goblins
  A goblin skeleton (D:5)
  7 hobgoblin zombies (Ossuary)
  20 kobolds
  9 kobold zombies (Ossuary)
  2 orc skeletons
  6 orc zombies
  10 rats
  2 spectral orcs
  4 ballistomycetes (D:9)
  A bush (Lair:8)
  A crawling corpse (Vaults:5)
  2 fungi (Lair:8)
  3 plants (Shoals:5)
1772 creatures vanquished.

Vanquished Creatures (collateral kills)
  A golden dragon (Vaults:4)
  A storm dragon (Vaults:4)
  A tengu reaver (Vaults:5)
  A shadow dragon (Vaults:5)
  Ilsuiw (Shoals:5)
  A vault warden (Vaults:4)
  An orc warlord (Orc:4)
  A stone giant (Depths:5)
  A purple draconian (Depths:5)
  2 merfolk javelineers (Shoals:5)
  2 merfolk impalers (Shoals:5)
  An ironheart preserver (Vaults:4)
  A naga warrior (Snake:3)
  5 merfolk aquamancers (Shoals:5)
  2 hydras (Lair:7)
  An alligator snapping turtle (Shoals:5)
  Nergalle (Lair:1)
  3 cyclopes
  An orc knight (Vaults:4)
  A griffon (Lair:8)
  An orc sorcerer (Vaults:4)
  3 elephants (Lair:5)
  A black mamba (Snake:1)
  2 naga magi (Snake:5)
  A spiny frog (Lair:7)
  A wind drake (Shoals:5)
  A merfolk (Shoals:5)
  A blink frog (Lair:7)
  3 yaks (Lair:5)
  5 water elementals (Shoals:5)
  3 nagas
  3 orc warriors
  A giant frog (Lair:7)
  An orc wizard (D:8)
  An adder (Lair:7)
  3 orcs
  5 spectral orcs (Lair:1)
65 creatures vanquished.

Vanquished Creatures (others)
  A tengu reaver (Vaults:5)
  A draconian zealot (Depths:5)
  An iron troll (Vaults:5)
  2 deep trolls
  7 drowned souls
  4 trolls
  A two-headed ogre (Depths:5)
  A fire elemental (Shoals:4)
  A warg (Depths:2)
  A hell hound (Depths:2)
  An ogre (Depths:5)
  An orc warrior (Vaults:1)
  An adder (Lair:8)
  A giant spore (D:9)
  A crawling corpse (Vaults:5)
  5 fungi
  2 plants
32 creatures vanquished.

Grand Total: 1869 creatures vanquished

Notes
Turn   | Place    | Note
--------------------------------------------------------------
     0 | D:1      | HungrySpirit, the Minotaur Berserker, began the quest for the Orb.
     0 | D:1      | Reached XP level 1. HP: 19/19 MP: 1/1
   127 | D:1      | Reached skill level 4 in Axes
   420 | D:1      | Reached XP level 2. HP: 23/26 MP: 1/1
   620 | D:2      | Reached skill level 5 in Axes
   645 | D:2      | Reached XP level 3. HP: 31/31 MP: 2/2
   684 | D:2      | Acquired Trog's second power
   920 | D:2      | Noticed Crazy Yiuf
   924 | D:2      | Killed Crazy Yiuf
   924 | D:2      | Reached XP level 4. HP: 39/39 MP: 2/2
  1132 | D:2      | Reached skill level 6 in Axes
  1374 | D:3      | Noticed Jessica
  1378 | D:3      | Killed Jessica
  1892 | D:3      | Found a glowing silver altar of Zin.
  2135 | D:3      | Found a glowing golden altar of the Shining One.
  2145 | D:3      | Reached skill level 7 in Axes
  2145 | D:3      | Reached XP level 5. HP: 45/45 MP: 2/2
  2404 | D:3      | Found an iron altar of Okawaru.
  2787 | D:4      | Reached XP level 6. HP: 51/51 MP: 3/3
  2861 | D:4      | Reached skill level 8 in Axes
  3183 | D:4      | Noticed Blork the orc
  3195 | D:4      | Killed Blork the orc
  3211 | D:4      | Acquired Trog's third power
  3508 | D:4      | Found an ancient bone altar of Kikubaaqudgha.
  3509 | D:4      | Found a stormy altar of Qazlal.
  3572 | D:5      | Entered Level 5 of the Dungeon
  3607 | D:5      | Found a staircase to the Ecumenical Temple.
  3611 | D:5      | Reached skill level 9 in Axes
  3611 | D:5      | Reached XP level 7. HP: 57/57 MP: 3/3
  3702 | D:5      | Found Utuklay's Antique Weapon Shop.
  3835 | D:5      | Found a blossoming altar of Fedhas.
  3974 | D:5      | Found a sand-covered staircase.
  4070 | Ossuary  | Entered an ossuary
  4097 | Ossuary  | Reached skill level 5 in Armour
  4137 | Ossuary  | Reached skill level 10 in Axes
  4324 | D:5      | Reached XP level 8. HP: 59/64 MP: 3/3
  4417 | D:5      | Found a deep blue altar of Sif Muna.
  4618 | D:5      | Found a basalt altar of Yredelemnul.
  4945 | D:6      | Reached skill level 11 in Axes
  5009 | D:6      | Noticed Edmund
  5025 | D:6      | Killed Edmund
  5267 | D:6      | Reached skill level 5 in Fighting
  5335 | D:6      | Found a sparkling altar of Nemelex Xobeh.
  5743 | D:6      | Found a snail-covered altar of Cheibriados.
  5927 | D:7      | Reached XP level 9. HP: 74/74 MP: 4/4
  5967 | D:7      | Reached skill level 12 in Axes
  6286 | D:7      | Found a white marble altar of Elyvilon.
  6360 | D:7      | Received a gift from Trog
  7021 | D:8      | Noticed a gargoyle
  7024 | D:8      | Reached skill level 13 in Axes
  7032 | D:8      | Killed a gargoyle
  7134 | D:8      | Reached XP level 10. HP: 68/86 MP: 4/4
  7135 | D:8      | Found a bloodstained altar of Trog.
  7212 | D:8      | Found a staircase to the Lair.
  7234 | Lair:1   | Entered Level 1 of the Lair of Beasts
  7234 | Lair:1   | Noticed Fannar
  7342 | D:8      | Received a gift from Trog
  7870 | D:8      | Reached skill level 14 in Axes
  7977 | Lair:1   | Killed Fannar
  8099 | Lair:1   | Noticed Erica
  8109 | Lair:1   | Killed Erica
  8109 | Lair:1   | Reached skill level 15 in Axes
  8109 | Lair:1   | Reached skill level 10 in Armour
  8321 | Lair:1   | Reached XP level 11. HP: 97/97 MP: 4/4
  8911 | Lair:5   | Found a staircase to the Shoals.
  8952 | Lair:5   | Reached skill level 10 in Fighting
  8964 | Lair:5   | Reached skill level 16 in Axes
  9080 | Lair:6   | Received a gift from Trog
  9215 | Lair:7   | Found a staircase to the Slime Pits.
  9215 | Lair:7   | Noticed a six-headed hydra
  9215 | Lair:7   | Noticed a seven-headed hydra
  9443 | Lair:7   | Killed an eight-headed hydra
  9452 | Lair:8   | Entered Level 8 of the Lair of Beasts
  9462 | Lair:7   | Killed an eight-headed hydra
  9920 | Lair:1   | Noticed Nergalle
  9921 | Lair:1   | Noticed a spectral orc warlord
  9930 | Lair:1   | Killed a spectral orc warlord
  9938 | Lair:1   | Killed Nergalle
 10210 | Lair:2   | Reached XP level 12. HP: 88/108 MP: 5/5
 10955 | Lair:2   | Received a gift from Trog
 11394 | Lair:2   | Reached skill level 1 in Maces & Flails
 12982 | Lair:5   | Reached skill level 5 in Maces & Flails
 13669 | Lair:6   | Found a staircase to the Snake Pit.
 14103 | Lair:6   | Received a gift from Trog
 14435 | Lair:7   | Noticed a six-headed hydra
 14447 | Lair:7   | Killed a six-headed hydra
 14890 | Lair:7   | Reached XP level 13. HP: 116/118 MP: 1/5
 15285 | Lair:8   | Noticed a five-headed hydra
 15298 | Lair:8   | Killed a five-headed hydra
 15521 | Lair:8   | Reached skill level 10 in Maces & Flails
 15528 | Lair:8   | Received a gift from Trog
 15787 | Lair:8   | Noticed a six-headed hydra
 15804 | Lair:8   | Killed a six-headed hydra
 15804 | Lair:8   | Reached skill level 17 in Axes
 15966 | Lair:8   | Got a slimy trident
 15967 | Lair:8   | Identified the +3 trident of Indignation {flame, +Inv rPois} (You found it on level 8 of the Lair of Beasts)
 15972 | Lair:8   | Reached skill level 18 in Axes
 15972 | Lair:8   | Reached XP level 14. HP: 124/127 MP: 1/5
 16445 | D:9      | Gained mutation: Your natural rate of healing is unusually fast. [potion of mutation]
 16445 | D:9      | Gained mutation: You have a somewhat thin skeletal structure (Dex +2, Stealth). [potion of mutation]
 16445 | D:9      | Gained mutation: You have sharp toenails. [potion of mutation]
 16771 | D:9      | Found a radiant altar of Vehumet.
 16999 | D:9      | Found a burning altar of Makhleb.
 17457 | D:9      | Found a deep blue altar of Sif Muna.
 17664 | D:10     | Entered Level 10 of the Dungeon
 17675 | D:10     | Found a staircase to the Orcish Mines.
 17707 | D:10     | Noticed Harold
 17720 | D:10     | Killed Harold
 17790 | D:10     | Received a gift from Trog
 17798 | Orc:1    | Entered Level 1 of the Orcish Mines
 18025 | Orc:1    | Noticed Joseph
 18040 | Orc:1    | Killed Joseph
 18198 | Orc:2    | Received a gift from Trog
 18809 | Orc:3    | Found a staircase to the Elven Halls.
 18893 | Orc:2    | Noticed an orc warlord
 18960 | Orc:3    | Received a gift from Trog
 18977 | Orc:3    | Noticed Donald
 18988 | Orc:3    | Killed Donald
 19094 | Orc:3    | Found Wauseont's Weapon Emporium.
 19515 | Orc:4    | Entered Level 4 of the Orcish Mines
 19622 | Orc:4    | Found a roughly hewn altar of Beogh.
 19622 | Orc:4    | Found Giamach's Jewellery Emporium.
 19630 | Orc:4    | Reached skill level 1 in Shields
 19701 | Orc:4    | Found a roughly hewn altar of Beogh.
 19710 | Orc:4    | Received a gift from Trog
 20065 | Orc:4    | Found a roughly hewn altar of Beogh.
 20121 | Orc:4    | Found a roughly hewn altar of Beogh.
 20168 | Orc:4    | Found a roughly hewn altar of Beogh.
 20190 | Orc:4    | Found Rumogruj's Book Shop.
 20265 | Orc:4    | Found a roughly hewn altar of Beogh.
 20444 | Orc:4    | Found a roughly hewn altar of Beogh.
 20545 | Orc:4    | Received a gift from Trog
 20582 | Orc:4    | Noticed an orc warlord
 20598 | Orc:4    | Killed an orc warlord
 20989 | Orc:4    | Found a roughly hewn altar of Beogh.
 20989 | Orc:4    | Found Pleuxkau's Antique Armour Shop.
 20993 | Orc:4    | Found Pased's Antique Weapon Boutique.
 21004 | Orc:4    | Bought a runed cloak for 144 gold pieces
 21004 | Orc:4    | Bought a glowing plate armour for 736 gold pieces
 21060 | Orc:4    | Bought the amulet "Veudd" {Clar Dex+5 Int+1} for 554 gold pieces
 21060 | Orc:4    | Bought an uncursed ring of see invisible for 210 gold pieces
 21300 | D:10     | Reached skill level 5 in Shields
 21622 | D:10     | Reached XP level 15. HP: 121/138 MP: 6/6
 21933 | Snake:1  | Entered Level 1 of the Snake Pit
 21946 | Snake:1  | Received a gift from Trog
 21949 | Snake:1  | Reached skill level 19 in Axes
 23615 | Snake:2  | Received a gift from Trog
 23615 | Snake:2  | Reached skill level 10 in Shields
 23846 | Snake:3  | Reached skill level 15 in Fighting
 25039 | Snake:4  | Reached XP level 16. HP: 137/149 MP: 6/6
 26000 | Snake:4  | Received a gift from Trog
 26137 | Snake:4  | Reached skill level 20 in Axes
 26361 | Snake:5  | Entered Level 5 of the Snake Pit
 26543 | Snake:5  | Received a gift from Trog
 27458 | Snake:5  | Got a serpentine rune of Zot
 27557 | Snake:5  | Received a gift from Trog
 27680 | Snake:2  | Reached skill level 15 in Shields
 27934 | Orc:2    | Got a dazzling executioner's axe {god gift}
 27935 | Orc:2    | Identified the +11 executioner's axe of Trog's Supremacy {elec, rF+ rC+} (Trog gifted it to you on level 2 of the Orcish Mines)
 28093 | Shoals:1 | Entered Level 1 of the Shoals
 28827 | Shoals:2 | Reached XP level 17. HP: 127/160 MP: 6/6
 29219 | Shoals:4 | Found a frozen archway.
 29239 | IceCv    | Entered an ice cave
 29746 | Shoals:5 | Entered Level 5 of the Shoals
 29785 | Shoals:5 | Reached skill level 21 in Axes
 29918 | Shoals:5 | Noticed Ilsuiw
 29927 | Shoals:5 | Reached skill level 15 in Armour
 29937 | Shoals:5 | Killed Ilsuiw
 30494 | Shoals:5 | Received a gift from Trog
 30513 | Shoals:5 | Got a barnacled rune of Zot
 30524 | Shoals:5 | Got a polished morningstar {god gift}
 30525 | Shoals:5 | Identified the +1 morningstar "Phuatasurgh" {drain, Contam +Inv rElec Str+4 Stlth+} (Trog gifted it to you on level 5 of the Shoals)
 30697 | Shoals:2 | Noticed Nikola
 30718 | Shoals:3 | Killed Nikola
 31129 | D:11     | Received a gift from Trog
 31215 | D:11     | Found a shimmering altar of Xom.
 31245 | D:11     | Noticed Grum
 31256 | D:11     | Killed Grum
 31636 | D:13     | Reached skill level 22 in Axes
 31894 | D:13     | Reached XP level 18. HP: 127/172 MP: 7/7
 32033 | D:13     | Received a gift from Trog
 32192 | D:13     | Found a roughly hewn altar of Beogh.
 32557 | D:14     | Found Psacsugh's Pet Rocks.
 32813 | D:14     | Received a gift from Trog
 32813 | D:14     | Reached XP level 19. HP: 180/180 MP: 7/7
 32882 | D:15     | Entered Level 15 of the Dungeon
 33315 | D:15     | Found a staircase to the Depths.
 33441 | D:15     | Noticed Maud
 33451 | D:15     | Killed Maud
 33660 | D:13     | Received a gift from Trog
 33700 | D:13     | Found a gate to the Vaults.
 33720 | Vaults:1 | Entered Level 1 of the Vaults
 34023 | Vaults:1 | Reached skill level 23 in Axes
 34280 | Vaults:2 | Noticed Mennas
 34528 | Vaults:2 | Killed Mennas
 34902 | Vaults:2 | Received a gift from Trog
 35448 | Vaults:4 | Received a gift from Trog
 35494 | Vaults:4 | Found a portal to a secret trove of treasure.
 35502 | Vaults:4 | Noticed Frederick
 35514 | Vaults:4 | Killed Frederick
 35848 | Vaults:4 | Found Govvoam's Magic Scroll Emporium.
 35856 | Vaults:4 | Bought a scroll of blinking for 112 gold pieces
 35856 | Vaults:4 | Bought a scroll of summoning for 142 gold pieces
 35856 | Vaults:4 | Bought a scroll of enchant weapon for 112 gold pieces
 35856 | Vaults:4 | Bought a scroll of enchant armour for 112 gold pieces
 35923 | Vaults:4 | Reached XP level 20. HP: 188/191 MP: 7/7
 36334 | Vaults:4 | Received a gift from Trog
 36334 | Vaults:4 | Reached skill level 24 in Axes
 36558 | Vaults:4 | Noticed Agnes
 36568 | Vaults:4 | Killed Agnes
 37043 | Vaults:5 | Entered Level 5 of the Vaults
 37318 | Vaults:5 | Paralysed by a sphinx for 3 turns
 37490 | Vaults:5 | Lost mutation: Your natural rate of healing is unusually fast. [a shining eye]
 37593 | Vaults:5 | Received a gift from Trog
 38297 | Vaults:5 | Noticed a golden dragon
 38539 | Vaults:4 | Reached skill level 25 in Axes
 39603 | Orc:4    | Bought a book of Burglary for 1050 gold pieces
 40042 | Vaults:4 | You paid a toll of a book of Burglary to enter a treasure trove
 40043 | Trove    | Entered a treasure trove
 40066 | Trove    | Got a pair of smoking gloves
 40074 | Trove    | Identified the +2 pair of gloves of Good Intentions {Str-5 Int-1} (You found it in a treasure trove)
 40179 | Vaults:4 | Killed a golden dragon
 40712 | Depths:1 | Entered Level 1 of the Depths
 40829 | Depths:1 | Gained mutation: You have razor-sharp toenails. [potion of beneficial mutation]
 40833 | Depths:1 | Found a basalt altar of Yredelemnul.
 40837 | Depths:1 | Received a gift from Trog
 40859 | Depths:1 | Reached XP level 21. HP: 135/202 MP: 8/8
 41213 | Depths:1 | Noticed Aizul
 41222 | Depths:1 | Killed Aizul
 41296 | Depths:1 | Found a one-way gate to the infinite horrors of the Abyss.
 41298 | Depths:1 | the one-way gate to the infinite horrors of the Abyss was a mimic.
 41375 | Depths:1 | Received a gift from Trog
 41732 | Depths:1 | Found a gateway to Hell.
 42523 | Depths:3 | Found a one-way gate to the infinite horrors of the Abyss.
 42646 | Depths:3 | Received a gift from Trog
 42660 | Depths:3 | Found a glowing golden altar of the Shining One.
 43097 | Depths:3 | Found a blossoming altar of Fedhas.
 43691 | Depths:4 | Found a one-way gate leading to the halls of Pandemonium.
 43721 | Depths:5 | Entered Level 5 of the Depths
 43770 | Depths:5 | Found a deep blue altar of Sif Muna.
 43936 | Depths:5 | Received a gift from Trog
 44425 | Depths:5 | Found a gate to the Realm of Zot.
 44936 | Vaults:5 | Noticed a golden dragon
 44940 | Vaults:5 | Reached XP level 22. HP: 70/214 MP: 8/8
 44942 | Vaults:5 | Killed a golden dragon
 45317 | Vaults:5 | Killed from afar by a titan

Action                   |  1- 3 |  4- 6 |  7- 9 | 10-12 | 13-15 | 16-18 | 19-21 | 22-24 || total
-------------------------+-------+-------+-------+-------+-------+-------+-------+-------++-------
Melee: Hand axe          |    50 |    99 |       |       |       |       |       |       ||   149
       War axe           |       |    42 |   398 |   373 |       |       |       |       ||   813
       Unarmed           |       |       |       |    13 |       |       |       |       ||    13
       Dire flail        |       |       |       |   279 |   133 |       |       |       ||   412
       Battleaxe         |       |       |       |       |   295 |       |       |       ||   295
       Broad axe         |       |       |       |       |   581 |   754 |  1177 |    33 ||  2545
       Executioner's axe |       |       |       |       |       |    86 |       |       ||    86
       Trident           |       |       |       |       |       |    12 |       |       ||    12
Invok: Berserk           |     2 |     4 |     7 |     9 |     8 |     3 |    13 |     1 ||    47
       Brothers in Arms  |       |       |     1 |     6 |     4 |     5 |    12 |       ||    28
       Burn Spellbooks   |       |       |       |     1 |       |       |       |       ||     1
       Trog's Hand       |       |       |       |       |       |     1 |     4 |       ||     5
Evoke: Wand              |       |     3 |       |     4 |     5 |     6 |     4 |       ||    22
       Lamp of fire      |       |       |       |       |       |     1 |       |       ||     1
  Use: Scroll            |       |       |       |    26 |    16 |    12 |    24 |     1 ||    79
       Potion            |       |       |       |       |     3 |     3 |    18 |       ||    24
 Stab: Distracted        |       |       |       |       |     1 |     4 |     1 |       ||     6
       Invisible         |       |       |       |       |       |       |     4 |       ||     4
  Eat: Chunk             |     1 |    12 |    14 |    26 |    25 |    20 |    10 |       ||   108
       Pizza             |       |     1 |       |       |       |     2 |     1 |       ||     4
       Meat ration       |       |       |     1 |     1 |     1 |     1 |     6 |     1 ||    11
       Beef jerky        |       |       |       |     1 |     1 |     1 |       |       ||     3
       Royal jelly       |       |       |       |     1 |     2 |       |     6 |       ||     9
       Fruit             |       |       |       |       |     7 |     4 |     3 |       ||    14
